 Dungeon Crawl Stone Soup version 0.25-a0-591-g2ad0d861f1 (webtiles) character file.

Game seed: 10709539212552152929, levelgen mode: deterministic

47 ReteAZ the Insei (level 3, -13/30 HPs)
             Began as a Demigod Gladiator on Mar 14, 2020.
             Mangled by Sigmund
             ... wielding a +0 scythe
              (14 damage)
             ... on level 2 of the Dungeon.
             The game lasted 00:01:25 (1493 turns).

ReteAZ the Insei (Demigod Gladiator)                Turns: 1493, Time: 00:01:26

Health: -13/30     AC:  4    Str: 17    XL:     3   Next: 29%
Magic:  5/5        EV: 13    Int: 12    God:
Gold:   25         SH:  0    Dex: 19    Spells: 2/2 levels left

rFire    . . .     SeeInvis .     - Unarmed
rCold    . . .     Gourm    .   (no shield)
rNeg     . . .     Faith    .   a - +0 leather armour
rPois    .         Spirit   .   b - +0 helmet
rElec    .         Reflect  .   (no cloak)
rCorr    .         Harm     .   (no gloves)
MR       .....     Rnd*Tele +   (no boots)
Stlth    +.........             (no amulet)
HPRegen  0.10/turn              e - ring of teleportation (curse)
MPRegen  0.09/turn              (no ring)

@: confused
A: high mp 1
a: no special abilities


You were on level 2 of the Dungeon.
You were not hungry.

You visited 1 branch of the dungeon, and saw 2 of its levels.

You collected 25 gold pieces.

Inventory:

Missiles
 c - 3 throwing nets (quivered)
Armour
 a - a +0 leather armour (worn)
 b - a +0 helmet (worn)
Jewellery
 e - a cursed ring of teleportation (left hand)
 l - a cursed ring of attention {unknown}
Scrolls
 g - a scroll of enchant weapon {unknown}
 i - 2 scrolls of identify {unknown}
 k - a scroll of random uselessness {unknown}
Potions
 f - a potion of invisibility {unknown}
 j - a potion of curing
 m - a potion of degeneration {unknown}
Comestibles
 d - 3 rations
 h - a chunk of flesh


   Skills:
 + Level 2.4 Fighting
 - Level 1.7 Throwing
 - Level 2.6 Dodging
 * Level 3.7 Unarmed Combat


You had 2 spell levels left.
You didn't know any spells.
Your spell library was empty.

Dungeon Overview and Level Annotations

Branches:
Dungeon (2/15)

Annotations:
D:2 Sigmund


Innate Abilities, Weirdness & Mutations

You have an increased reservoir of magic. (+10% MP)


Message History

Sigmund is heavily wounded.
You closely miss Sigmund. Your punch misses Sigmund.
Sigmund is heavily wounded.
Sigmund barely misses you.
You hit Sigmund but do no damage.
Sigmund is heavily wounded.
You hit Sigmund but do no damage.
Sigmund is heavily wounded.
Sigmund hits you with a +0 scythe!
* * * LOW HITPOINT WARNING * * *
You hit Sigmund but do no damage.
Sigmund is heavily wounded.
Sigmund mumbles some strange words.
Sigmund flickers and vanishes!
Deactivating autopickup; reactivate with Ctrl-A.
You closely miss something.
You hear some strange, mumbled words.
You are confused.
Something hits you!
You die...

##########. #####
#.......... #...#
#.........# #...#
#...$.....# #...#
#.........# #...#
##.........# #...#
#..$.{.....#
##...######.#.@.######
#######
#..........(#.#.#
#....<#
#....##########...
#.....# #.#.รท..#
#########.....#
#......# #..........#
###.#### #.####.....#
#<# #.# #.....# ###
#.# #.....# #.#
#.....#


There were no monsters in sight!

Vanquished Creatures
  An adder (D:2)
  A worm (D:2)
  A dart slug (D:1)
  A ball python (D:1)
  A giant cockroach (D:1)
  3 hobgoblins (D:1)
  2 jackals (D:1)
  3 kobolds (D:1)
  4 bats
  2 frilled lizards (D:1)
  5 goblins (D:1)
  9 rats
33 creatures vanquished.

Notes
Turn   | Place    | Note
-------+----------+-------------------------------------------
     0 | D:1      | ReteAZ the Demigod Gladiator began the quest for the Orb.
     0 | D:1      | Reached XP level 1. HP: 17/17 MP: 3/3
   235 | D:1      | Reached skill level 3 in Unarmed Combat
   271 | D:1      | Reached XP level 2. HP: 17/24 MP: 4/4
   980 | D:2      | Noticed Sigmund
  1119 | D:2      | Reached XP level 3. HP: 20/30 MP: 5/5
  1490 | D:2      | HP: 1/30 [Sigmund/+0 scythe (9)]
  1493 | D:2      | Mangled by Sigmund

Levels and vault maps discovered:
D:1:      dpeg_arrival_more_subterranean_lakeside_camping, layout_loops_cross
D:2:      layout_basic, uniq_sigmund, uniq_natasha

Skill      XL: |  1 |
---------------+----+-----
Fighting       | 2 |  2.4
Unarmed Combat | 3 |  3.7
Throwing       | |  1.7
Dodging        | |  2.6

Action                   || total
-------------------------++-------
Melee: Unarmed           ||   118
       Punch             ||     1
 Stab: Sleeping          ||     3
  Eat: Chunk             ||     2
Armor: Leather armour    ||    28
Dodge: Dodged            ||    83

Table legend:
 A = Non-vault XP
 B = Vault XP
 C = Vault XP percentage of total XP
 D = Non-vault monster count
 E = Vault monster count
 F = Vault count percentage of total count
                 A         B        C        D         E       F
            +---------+---------+-------+---------+---------+-------
      Total |      68 |       0 |   0.0 |      33 |       0 |   0.0
            +---------+---------+-------+---------+---------+-------
        D:1 |      43 |       0 |   0.0 |      27 |       0 |   0.0
        D:2 |      25 |       0 |   0.0 |       6 |       0 |   0.0
            +---------+---------+-------+---------+---------+-------
